 Dungeon Crawl Stone Soup version 0.17-a0-737-gf0a300a (console) character file.

60 Monkaria the Skirmisher (level 3, -4/30 HPs)
             Began as a Demonspawn Chaos Knight on May 8, 2015.
             Killed from afar by Ijyb (6 damage)
             ... with a wand of magic darts
             ... on level 2 of the Dungeon.
             The game lasted 00:01:26 (1130 turns).

Monkaria the Skirmisher (Demonspawn Chaos Knight)   Turns: 1130, Time: 00:01:26

Health: -4/30      AC:  5    Str: 13    XL:     3   Next: 82%
Magic:  0/3        EV: 11    Int: 13    God:    Xom [..*...]
Gold:   98         SH:  0    Dex: 12    Spells: 0 memorised, 2 levels left

rFire  . . .     SeeInvis .     a - +0 falchion (chaos)
rCold  . . .     Clarity  .     b - +2 leather armour
rNeg   . . .     SustAb   .     (no shield)
rPois  .         Gourm    .     (no helmet)
rElec  .         Spirit   +     (no cloak)
rCorr  .         Warding  .     (no gloves)
rMut   .         Stasis   .     (no boots)
MR     .....                    m - amulet of rage
Stlth  +.........               (no ring)
                                (no ring)

@: not resistant to hostile enchantments, very unstealthy
A: magic shield, magic regeneration
a: Renounce Religion, Evoke Berserk Rage


You were on level 2 of the Dungeon.
You worshipped Xom.
You were a toy of Xom.
You were hungry.

You visited 1 branch of the dungeon, and saw 2 of its levels.

You collected 98 gold pieces.

Inventory:

Hand weapons
 a - a +0 falchion of chaos (weapon)
Armour
 b - a +2 leather armour (worn)
Jewellery
 m - an amulet of rage (around neck)
Scrolls
 e - a scroll of identify {unknown}
 f - a scroll of random uselessness {unknown}
 l - a scroll of recharging {unknown}
Potions
 d - 3 potions of heal wounds {unknown}
 h - a potion of restore abilities {unknown}
 n - a potion of curing {unknown}
Comestibles
 c - 2 bread rations
 g - a royal jelly
 i - a slice of pizza
 j - a beef jerky
 k - a chunk of flesh


   Skills:
 + Level 4.2 Fighting
 - Level 3.0 Long Blades
 - Level 2.0 Armour
 - Level 1.1 Dodging


You had 2 spell levels left.
You didn't know any spells.

Dungeon Overview and Level Annotations

Branches:
Dungeon (2/15)

Altars:
Cheibriados
Yredelemnul

Annotations:
D:2 Ijyb


Innate Abilities, Weirdness & Mutations

When hurt, damage is shared between your health and your magic reserves.
You regenerate magic rapidly.


Message History

You are too injured to fight recklessly!
You are too injured to fight recklessly!
You are too injured to fight recklessly!
You are too injured to fight recklessly!
You closely miss Ijyb.
Xom titters.
Ijyb looks rather confused.
Ijyb seems less confused.
Ijyb closely misses you.
You hit Ijyb.
Ijyb is lightly wounded.
Ijyb barely misses you.
You completely miss Ijyb.
Ijyb is lightly wounded.
Ijyb zaps a wand.
The magic dart hits you!
* * * LOW HITPOINT WARNING * * *
You hit Ijyb but do no damage.
Ijyb looks even sicker.
Ijyb is lightly wounded.
Ijyb zaps a wand.
The magic dart hits you!
You die...
Xom howls with laughter!

....# #.#####. bS
....# #.# #.# ....#
#.#####.### ....#
#.##......#
..).#####.##......#
..........##......#
....########......#
##### ####......# #
##...#..g@.# ## ##
#....#.....# #_ .#
#....#.....# ##
.#######....#.....#
##
............'.....#
############.
#########...#.....#
#............
............#.....#
#.##......##รท
............#.....#
#.##......##.
#########.#.#######
#.##......##.


You could see Ijyb.

Vanquished Creatures
  3 adders (D:2)
  An ooze (D:1)
  A giant gecko (D:1)
  5 bats
  5 goblins (D:1)
  6 hobgoblins
  2 quokkas (D:2)
  2 giant cockroaches (D:1)
  2 giant newts (D:1)
  3 kobolds
  A rat (D:1)
31 creatures vanquished.

Vanquished Creatures (others)
  5 toadstools (D:1)
5 creatures vanquished.

Grand Total: 36 creatures vanquished

Notes
Turn   | Place    | Note
--------------------------------------------------------------
     0 | D:1      | Monkaria, the Demonspawn Chaos Knight, began the quest for the Orb.
     0 | D:1      | Reached XP level 1. HP: 18/18 MP: 1/1
    74 | D:1      | Gained mutation: When hurt, damage is shared between your health and your magic reserves. [demonic ancestry]
    74 | D:1      | Reached XP level 2. HP: 14/24 MP: 2/2
   165 | D:1      | XOM: harmless Ice miscast
   166 | D:1      | XOM: divination: detect creatures
   300 | D:1      | Reached skill level 1 in Dodging
   760 | D:2      | Gained mutation: You regenerate magic rapidly. [demonic ancestry]
   760 | D:2      | Reached XP level 3. HP: 28/30 MP: 3/3
   789 | D:2      | Reached skill level 4 in Fighting
   816 | D:2      | Found a basalt altar of Yredelemnul.
   828 | D:2      | Found a snail-covered altar of Cheibriados.
   975 | D:2      | XOM: mild Hex miscast
  1119 | D:2      | Noticed Ijyb
  1124 | D:2      | XOM: divination: detect creatures
  1126 | D:2      | XOM: confuse monster(s)
  1129 | D:2      | HP: 1/30 [Ijyb/wand of magic darts (8)]
  1130 | D:2      | Killed from afar by Ijyb

Action                   || total
-------------------------++-------
Melee: Falchion          ||   115
